 Dungeon Crawl Stone Soup version 0.22-a0-448-g1fb7470 (webtiles) character file.

135 ohad the Charmwright (level 5, -4/43 HPs)
             Began as a Gnoll Skald on June 4, 2018.
             Killed by nerve-wracking pain
             ... invoked by an orc priest
              (12 damage)
             ... on level 3 of the Dungeon.
             The game lasted 00:06:09 (2182 turns).

ohad the Charmwright (Gnoll Skald)                  Turns: 2182, Time: 00:06:10

Health: -4/43      AC:  3    Str: 14    XL:     5   Next: 18%
Magic:  5/12       EV: 14    Int: 16    God:
Gold:   166        SH:  0    Dex: 14    Spells: 3/14 levels left

rFire    . . .     SeeInvis .   o - +1 dagger (venom)
rCold    . . .     Gourm    .   (no shield)
rNeg     . . .     Faith    .   b - +0 leather armour
rPois    .         Spirit   .   (no helmet)
rElec    .         Reflect  .   (no cloak)
rCorr    .         Harm     .   (no gloves)
MR       .....                  (no boots)
Stlth    ++........             (no amulet)
HPRegen  1.14/turn              (no ring)
MPRegen  0.13/turn              (no ring)

@: infused, regenerating
A: distributed training, fangs 1, strong nose
a: no special abilities


You were on level 3 of the Dungeon.
You were not hungry.

You visited 1 branch of the dungeon, and saw 3 of its levels.

You collected 166 gold pieces.

Inventory:

Hand Weapons
 a - a +0 spear
 o - a +1 dagger of venom (weapon)
Missiles
 k - 5 javelins (quivered)
Armour
 b - a +0 leather armour (worn)
Jewellery
 l - a +4 ring of intelligence {unknown}
 m - a +2 ring of strength {unknown}
 q - an uncursed ring of see invisible {unknown}
Scrolls
 f - 3 scrolls of amnesia {unknown}
 g - 2 scrolls of magic mapping {unknown}
 h - 4 scrolls of noise {unknown}
 i - a scroll of teleportation {unknown}
Potions
 e - 2 potions of brilliance {unknown}
 j - a potion of haste {unknown}
 n - a potion of degeneration {unknown}
 p - a potion of invisibility {unknown}
Comestibles
 c - 9 chunks of flesh
 d - 5 rations


   Skills:
 + Level 4.7 Fighting
 + Level 1.3 Short Blades
 + Level 1.3 Long Blades
 + Level 1.3 Axes
 + Level 1.3 Maces & Flails
 + Level 4.7 Polearms
 + Level 1.3 Staves
 + Level 1.3 Slings
 + Level 1.3 Bows
 + Level 1.3 Crossbows
 + Level 1.3 Throwing
 + Level 2.9 Armour
 + Level 4.7 Dodging
 + Level 1.3 Stealth
 + Level 1.3 Shields
 + Level 1.3 Unarmed Combat
 + Level 5.1 Spellcasting
 + Level 1.1 Conjurations
 + Level 1.1 Hexes
 + Level 5.5 Charms
 + Level 1.1 Summonings
 + Level 1.1 Necromancy
 + Level 1.1 Translocations
 + Level 1.1 Transmutations
 + Level 1.1 Fire Magic
 + Level 1.1 Ice Magic
 + Level 1.1 Air Magic
 + Level 1.1 Earth Magic
 + Level 1.1 Poison Magic
 + Level 1.5 Invocations
 + Level 1.3 Evocations


You had 3 spell levels left.
You knew the following spells:

 Your Spells              Type           Power        Failure   Level  Hunger
a - Infusion              Chrm           ###.         1%          1    None
b - Song of Slaying       Chrm           ###.....     3%          2    #......
c - Shroud of Golubria    Chrm/Tloc      ##........   7%          2    #......
d - Regeneration          Chrm/Necr      ##........   14%         3    ###....
e - Spectral Weapon       Hex/Chrm       ##......     14%         3    ###....

Your spell library contained the following spells:

 Spells                   Type           Power        Failure   Level  Hunger


Dungeon Overview and Level Annotations

Branches:
Dungeon (3/15)

Altars:
Qazlal


Innate Abilities, Weirdness & Mutations

Your experience applies equally to all skills.
You have very sharp teeth.
Your uncanny sense of smell can sniff out nearby items.


Message History

The orc priest is heavily wounded.
The bat hits you. The bat completely misses you.
Casting: Infusion (safe; 1% risk of failure)
Confirm with . or Enter, or press ? or * to list all spells.
Okay, then.
Casting: Infusion (safe; 1% risk of failure)
Confirm with . or Enter, or press ? or * to list all spells.
Your skin crawls.
The bat closely misses you. The bat completely misses you. The bat misses you.
The orc priest closely misses you.
You hit the orc priest.
The orc priest is severely wounded.
The bat completely misses you. The bat hits you but does no damage.
The orc hits you with a flail!
* * * LOW HITPOINT WARNING * * *
The orc priest hits you with a whip.
* * * LOW HITPOINT WARNING * * *
The bat hits you but does no damage.
The orc priest calls down the wrath of Beogh upon you.
Pain shoots through your body!
You die...

##########
#........#
#.....<..#
#........#
####.#####
####..#
##or@.b#
#.bo.###
#...r####
......
..... ∆
..... ....
....


You could see an orc priest, an orc, 2 bats and 2 rats.

Vanquished Creatures
  3 gnolls (D:2)
  2 adders
  An ooze (D:1)
  2 dart slugs (D:1)
  A leopard gecko (D:1)
  2 orcs (D:3)
  3 giant cockroaches
  14 hobgoblins
  9 jackals
  9 kobolds
  A quokka (D:2)
  5 bats
  7 frilled lizards
  8 goblins
  5 rats
72 creatures vanquished.

Vanquished Creatures (others)
  An adder (D:2)
1 creature vanquished.

Grand Total: 73 creatures vanquished

Notes
Turn   | Place    | Note
-------+----------+-------------------------------------------
     0 | D:1      | ohad the Gnoll Skald began the quest for the Orb.
     0 | D:1      | Reached XP level 1. HP: 20/20 MP: 6/6
    12 | D:1      | Reached XP level 2. HP: 26/26 MP: 0/7
   470 | D:1      | Reached XP level 3. HP: 30/31 MP: 2/9
   669 | D:1      | Reached skill level 5 in Spellcasting
  1102 | D:1      | Reached skill level 1 in Invocations
  1376 | D:2      | Reached skill level 1 in Short Blades
  1376 | D:2      | Reached skill level 1 in Long Blades
  1376 | D:2      | Reached skill level 1 in Axes
  1376 | D:2      | Reached skill level 1 in Maces & Flails
  1376 | D:2      | Reached skill level 1 in Staves
  1376 | D:2      | Reached skill level 1 in Slings
  1376 | D:2      | Reached skill level 1 in Bows
  1376 | D:2      | Reached skill level 1 in Crossbows
  1376 | D:2      | Reached skill level 1 in Throwing
  1376 | D:2      | Reached skill level 1 in Stealth
  1376 | D:2      | Reached skill level 1 in Shields
  1376 | D:2      | Reached skill level 1 in Unarmed Combat
  1376 | D:2      | Reached skill level 1 in Evocations
  1376 | D:2      | Reached XP level 4. HP: 35/38 MP: 3/11
  1549 | D:2      | Found a stormy altar of Qazlal.
  1714 | D:2      | Learned a level 2 spell: Song of Slaying
  1717 | D:2      | Learned a level 2 spell: Shroud of Golubria
  1721 | D:2      | Learned a level 3 spell: Regeneration
  1725 | D:2      | Learned a level 3 spell: Spectral Weapon
  1795 | D:2      | Reached skill level 1 in Conjurations
  1795 | D:2      | Reached skill level 1 in Hexes
  1795 | D:2      | Reached skill level 1 in Summonings
  1795 | D:2      | Reached skill level 1 in Necromancy
  1795 | D:2      | Reached skill level 1 in Translocations
  1795 | D:2      | Reached skill level 1 in Transmutations
  1795 | D:2      | Reached skill level 1 in Fire Magic
  1795 | D:2      | Reached skill level 1 in Ice Magic
  1795 | D:2      | Reached skill level 1 in Air Magic
  1795 | D:2      | Reached skill level 1 in Earth Magic
  1795 | D:2      | Reached skill level 1 in Poison Magic
  2068 | D:2      | Found a stormy altar of Qazlal.
  2078 | D:2      | Reached XP level 5. HP: 43/43 MP: 12/12
  2182 | D:3      | Killed from afar by an orc priest

Vault maps used:
D:1:      dpeg_arrival_refuge, minmay_misc_feat_tiny
D:2:      grunt_qazlal_clouds, grunt_ministairs_3, minmay_hexomino_r4
D:3:      first_ration, portal_sewer_entry_d, uniq_ijyb, uniq_terence

Skill      XL: |  1  2  3  4 |
---------------+-------------+-----
Spellcasting   | 5 |  5.1
Invocations    | 1 |  1.5
Short Blades   | 1 |  1.3
Long Blades    | 1 |  1.3
Axes           | 1 |  1.3
Maces & Flails | 1 |  1.3
Staves         | 1 |  1.3
Slings         | 1 |  1.3
Bows           | 1 |  1.3
Crossbows      | 1 |  1.3
Throwing       | 1 |  1.3
Stealth        | 1 |  1.3
Shields        | 1 |  1.3
Unarmed Combat | 1 |  1.3
Evocations     | 1 |  1.3
Conjurations   | 1 |  1.1
Hexes          | 1 |  1.1
Summonings     | 1 |  1.1
Necromancy     | 1 |  1.1
Translocations | 1 |  1.1
Transmutations | 1 |  1.1
Fire Magic     | 1 |  1.1
Ice Magic      | 1 |  1.1
Air Magic      | 1 |  1.1
Earth Magic    | 1 |  1.1
Poison Magic   | 1 |  1.1
Fighting       | |  4.7
Polearms       | |  4.7
Armour         | |  2.9
Dodging        | |  4.7
Charms         | |  5.5

Action                   |  1- 3 |  4- 6 || total
-------------------------+-------+-------++-------
Melee: Spear             |   135 |    37 ||   172
       Bite              |     9 |    10 ||    19
       Dagger            |       |    71 ||    71
       Punch             |       |     1 ||     1
 Cast: Infusion          |     6 |     4 ||    10
       Regeneration      |       |     1 ||     1
 Stab: Sleeping          |     3 |     1 ||     4
  Eat: Chunk             |     2 |     2 ||     4
Armor: Leather armour    |    43 |    29 ||    72
Dodge: Dodged            |   100 |   103 ||   203

Table legend:
 A = Spawn XP
 B = Non-spawn XP
 C = Spawn XP percentage of total XP
 D = Spawn monster count
 E = Non-spawn monster count
 F = Spawn count percentage of total count
 G = Total turns spent on level
                    A         B        C        D         E        F      G
               +---------+---------+-------+---------+---------+-------+---------
         Total |       0 |     193 |   0.0 |       0 |      72 |   0.0 |  2182
               +---------+---------+-------+---------+---------+-------+---------
           D:1 |       0 |      61 |   0.0 |       0 |      30 |   0.0 |  1320
           D:2 |       0 |     109 |   0.0 |       0 |      36 |   0.0 |   838
           D:3 |       0 |      23 |   0.0 |       0 |       6 |   0.0 |    24
               +---------+---------+-------+---------+---------+-------+---------
